 Dungeon Crawl Stone Soup version 0.14-a0-717-gc32513d (webtiles) character file.

663 PolkaDot the Chopper (level 7, 0/59 HPs)
             Began as a Hill Orc Fighter on Nov 7, 2013.
             Slain by Edmund
             ... wielding a +1,+0 flail of crushing
              (1 damage)
             ... on Level 4 of the Dungeon.
             The game lasted 00:10:58 (3782 turns).

PolkaDot the Chopper (Hill Orc Fighter)             Turns: 3782, Time: 00:10:59

HP   0/59        AC  7     Str 24      XL: 7   Next:  6%
MP   6/6         EV 12     Int 13      God:
Gold 204         SH 23     Dex 17      Spells:  0 memorised,  6 levels left

Res.Fire  : . . .   See Invis. : .   a - +4,+2 hand axe
Res.Cold  : . . .   Warding    : .   b - +0 orc scale mail
Life Prot.: . . .   Conserve   : .   c - +0 orc shield
Res.Poison: .       Res.Corr.  : .   (no helmet)
Res.Elec. : .       Clarity    : .   (no cloak)
Sust.Abil.: . .     Spirit.Shd : .   (no gloves)
Res.Mut.  : .       Stasis     : .   (no boots)
Res.Rott. : .       Flight     : .   (no amulet)
Saprovore : + . .                    (no ring)
                                     (no ring)

@: mighty, brilliant, agile, slightly resistant to hostile enchantments, very
unstealthy
A: saprovore 1
a: no special abilities


You were on level 4 of the Dungeon.
You were not hungry.

You visited 1 branch of the dungeon, and saw 4 of its levels.
You also visited: Sewer.

You collected 204 gold pieces.

Inventory:

Hand weapons
 a - a +4,+2 hand axe (weapon)
Armour
 b - a +0 orcish scale mail (worn)
 c - a +0 orcish shield (worn)
Comestibles
 d - 2 meat rations
 i - a choko
 p - 3 bread rations
 r - an apple
 A - 2 rotting chunks of goblin flesh
Scrolls
 f - 6 scrolls of identify {unknown}
 g - 2 scrolls of remove curse {unknown}
 h - 2 scrolls of magic mapping
 l - a scroll of random uselessness {unknown}
 n - a scroll of teleportation
 q - a scroll of blinking {unknown}
 t - a scroll of enchant armour {unknown}
Potions
 o - a potion of cure mutation


   Skills:
 - Level 4.1 Fighting
   Level 2.1 Long Blades
 * Level 6.4 Axes
 + Level 4.8 Armour
 + Level 5.0 Shields


You had 6 spell levels left.
You didn't know any spells.

Dungeon Overview and Level Annotations

Branches:
Dungeon (4/27)
 Temple: D:4-7

Altars:

Annotations:
D:4 Duvessa, Edmund


Innate Abilities, Weirdness & Mutations

You can tolerate rotten meat.


Message History

You have reached level 7!
Edmund hits you with a glowing flail.
* * * LOW HITPOINT WARNING * * *
You block Edmund's attack. You block Edmund's attack.
You open the door.
A giant gecko skeleton comes into view.
You feel yourself speed up. Edmund hits you with a glowing flail!
* * * LOW HITPOINT WARNING * * *
You block Edmund's attack.
Found a metallic orange potion and 11 gold pieces.
Edmund hits you with a glowing flail.
* * * LOW HITPOINT WARNING * * *
Some of the chunks of flesh in your inventory have completely rotted away.
Things that are here:
an orcish whip; an elven robe; the elf corpse of Dowan Edmund hits you with a glowing flail.
* * * LOW HITPOINT WARNING * * *
You die...

##..........# *
#..........## *
#..........# *
#..........# *
##.######### * #.#
#)# #.# ##@#######
#.)@.)...########**
#.....z..'!...$..,
#........######## *
#........#
#........#
#........#
##########


You could see Edmund and a giant gecko skeleton.

Vanquished Creatures
  2 giant frogs (Sewer)
  Dowan (D:4)
  An orc priest (D:4)
  An orc wizard (D:4)
  7 adders
  6 giant mites
  A worm (D:4)
  12 giant geckos (Sewer)
  6 orcs (D:4)
  10 ball pythons
  22 giant cockroaches
  10 goblins
  5 hobgoblins
  2 jackals (D:3)
  5 kobolds
  3 quokkas
  6 bats
  11 giant newts
  A goblin skeleton (D:4)
  7 rats
  2 rat skeletons (D:4)
121 creatures vanquished.

Notes
Turn   | Place    | Note
--------------------------------------------------------------
     0 | D:1      | PolkaDot, the Hill Orc Fighter, began the quest for the Orb.
     0 | D:1      | Reached XP level 1. HP: 19/19 MP: 0/0
   408 | D:1      | Reached skill level 4 in Fighting
   408 | D:1      | Reached XP level 2. HP: 27/27 MP: 1/1
   598 | D:2      | Reached skill level 1 in Axes
   598 | D:2      | Reached XP level 3. HP: 25/33 MP: 2/2
  1153 | D:2      | Reached XP level 4. HP: 35/40 MP: 3/3
  1872 | D:3      | Found a glowing drain.
  1917 | Sewer    | Entered a sewer
  2099 | Sewer    | Reached XP level 5. HP: 43/46 MP: 4/4
  2346 | Sewer    | Noticed a giant frog
  2367 | Sewer    | Killed a giant frog
  2367 | Sewer    | Reached skill level 5 in Axes
  2367 | Sewer    | Reached XP level 6. HP: 16/53 MP: 5/5
  2369 | Sewer    | Noticed a giant frog
  2382 | Sewer    | Killed a giant frog
  3376 | D:4      | Reached skill level 6 in Axes
  3655 | D:4      | Noticed Edmund
  3656 | D:4      | Noticed Dowan
  3658 | D:4      | Noticed Duvessa
  3767 | D:4      | Killed Dowan
  3767 | D:4      | Reached skill level 5 in Shields
  3767 | D:4      | Reached XP level 7. HP: 17/59 MP: 6/6
  3777 | D:4      | HP: 2/59 [Edmund/glowing flail (1)]
  3782 | D:4      | HP: 1/59 [Edmund/glowing flail (2)]
  3782 | D:4      | Slain by Edmund

Action                   |  1- 3 |  4- 6 |  7- 9 || total
-------------------------+-------+-------+-------++-------
Melee: Falchion          |    28 |       |       ||    28
       Hand axe          |    58 |   299 |       ||   357
  Use: Potion            |       |    10 |       ||    10
       Scroll            |       |     4 |       ||     4
 Stab: Invisible         |       |     2 |       ||     2
